 Dungeon Crawl Stone Soup version 0.29-a0-824-gd827844252 (webtiles) character file.

Game seed: 12051178613782355214

84 Nato the Grasshopper (level 4, -2/27 HPs)
             Began as a Kobold Warper on July 10, 2022.
             Slain by a gnoll
             ... wielding a +0 flail
              (8 damage)
             ... on level 2 of the Dungeon.
             The game lasted 00:03:25 (4472 turns).

Nato the Grasshopper (Kobold Warper)                Turns: 4472, Time: 00:03:25

Health: -2/27      AC:  6    Str:  8    XL:     4   Next: 74%
Magic:  7/7        EV: 10    Int: 14    God:
Gold:   81         SH:  0    Dex: 16    Spells: 7/7 levels left

rFire   . . .      SeeInvis .   a - +0 hand axe
rCold   . . .      Faith    .   (no shield)
rNeg    . . .      Spirit   .   q - +0 scale mail
rPois   .          Reflect  .   (no helmet)
rElec   .          Harm     .   (no cloak)
rCorr   .          Rampage  .   (no gloves)
Will    .....                   (no boots)
Stlth   +.........              (no amulet)
HPRegen 0.09/turn               (no ring)
MPRegen 0.10/turn               (no ring)

@: no status effects
A: small, no large weapons, nightstalker 3
a: no special abilities


You were on level 2 of the Dungeon.
You visited 1 branch of the dungeon, and saw 3 of its levels.

You collected 81 gold pieces.

Inventory:

Hand Weapons
 a - a +0 hand axe (weapon)
Missiles
 d - 7 boomerangs of dispersal (quivered)
Armour
 b - a +0 leather armour
 q - a +0 scale mail (worn)
Scrolls
 c - a scroll of blinking
 f - a scroll of magic mapping {unknown}
 i - 2 scrolls of enchant armour {unknown}
 j - a scroll of immolation {unknown}
 k - 3 scrolls of fog {unknown}
 l - a scroll of fear {unknown}
 o - a scroll of noise {unknown}
Potions
 e - 4 potions of curing {unknown}
 g - a potion of cancellation {unknown}
 h - a potion of ambrosia {unknown}
 m - 2 potions of heal wounds {unknown}
 n - a potion of haste {unknown}
 p - a potion of degeneration {unknown}


   Skills:
 + Level 2.7 Fighting
 + Level 2.1 Axes
 + Level 2.0 Throwing
 + Level 1.5 Armour
 + Level 3.0 Dodging
 - Level 2.3 Spellcasting
 + Level 3.3 Translocations


You had 7 spell levels left.
You didn't know any spells.
Your spell library contained the following spells:

 Spells                   Type           Power      Damage    Failure   Level
 Blink                    Tloc           22%        N/A       63%         2
 Gell's Gravitas          Tloc           11%        N/A       86%         3
 Lesser Beckoning         Tloc           11%        N/A       86%         3
 Teleport Other           Tloc           11%        N/A       86%         3
 Poisonous Vapours        Pois/Air       2%         N/A       97%         2
 Corpse Rot               Necr/Pois/Air  1%         N/A       100%        4
 Manifold Assault         Tloc           11%        N/A       100%        5


Dungeon Overview and Level Annotations

Branches:
Dungeon (3/15)

Altars:


Innate Abilities, Weirdness & Mutations

You are small and have problems with some larger weapons.
You are completely attuned to the shadows.


Message History

2 gnolls come into view.
There are monsters nearby!
There are monsters nearby!
There are monsters nearby! 2 gnolls come into view.
The gnoll closely misses you.
You closely miss the gnoll.
The gnoll shouts!
You closely miss the gnoll. The gnoll hits you but does no damage.
The gnoll hits you from afar with a +0 spear.
You hit the gnoll.
The gnoll is moderately wounded.
The gnoll barely misses you. The gnoll closely misses you.
The gnoll hits you with a +0 club. The gnoll barely misses you.
You hit the gnoll.
The gnoll is moderately wounded.
You hit the gnoll. The gnoll hits you with a +0 flail.
The gnoll completely misses you.
The gnoll hits you from afar with a +0 spear.
You are too injured to fight recklessly!
You are too injured to fight recklessly!
You are too injured to fight recklessly!
The gnoll attacks as you move away! The gnoll closely misses you.
The gnoll attacks as you move away! The gnoll barely misses you.
The gnoll attacks as you move away! The gnoll hits you but does no damage.
The gnoll attacks as you move away! The gnoll barely misses you.
The gnoll attacks as you move away! The gnoll hits you with a +0 flail.
* * * LOW HITPOINT WARNING * * *
The gnoll attacks as you move away! The gnoll hits you with a +0 flail.
* * * LOW HITPOINT WARNING * * *
There is a stone staircase leading up here.
You can't go down here!
You climb upwards.
There is a stone staircase leading down here.
You are too injured to fight recklessly!
You are too injured to fight recklessly!
You are too injured to fight recklessly!
You barely miss the gnoll. The gnoll barely misses you.
You barely miss the gnoll. The gnoll hits you with a +0 flail!
You die...

...#
#........#######
#.# ...#
#........# #####
#.# ...#
#........#
#...####.#
...###########_#.#
#...#....#
.......#
#.#.#####...#....#
.#####.#
#................#
.# #.#
##..##...........#
.# #.#
#g.##.).........#
.# #.#
##@###.......####
## #.####### ###
#....^..#
#.......#
#########
#######.# #....#.#
#.##.#.# #.#.<#.#
#.#..#.# #.#..#.#


You could see a gnoll.

Vanquished Creatures
  Jessica (D:2)
  2 adders (D:2)
  2 ball pythons (D:2)
  3 endoplasms
  2 giant cockroaches
  8 goblins
  3 hobgoblins
  3 jackals (D:1)
  2 quokkas (D:2)
  3 bats
  2 frilled lizards (D:1)
  4 kobolds
  2 rats (D:1)
37 creatures vanquished.

Notes
Turn   | Place    | Note
-------+----------+-------------------------------------------
     0 | D:1      | Nato the Kobold Warper began the quest for the Orb.
     0 | D:1      | Reached XP level 1. HP: 12/12 MP: 3/3
   640 | D:1      | Reached XP level 2. HP: 17/17 MP: 5/5
   817 | D:1      | Reached skill level 1 in Armour
  1736 | D:1      | Reached XP level 3. HP: 22/22 MP: 6/6
  2510 | D:2      | Noticed Jessica
  2523 | D:2      | Killed Jessica
  2524 | D:2      | Reached XP level 4. HP: 7/27 MP: 7/7
  3112 | D:2      | Found a faded altar of an unknown god.
  4472 | D:2      | Slain by a gnoll

Illustrated notes

Levels and vault maps discovered:
D:1:      dpeg_arrival_tiny_b, layout_loops_corners
D:2:      minmay_inner_zag, layout_basic, basic_ecumenical_altar, uniq_jessica
D:3:      layout_rooms

Skill      XL: |  1  2  3  4 |
---------------+-------------+-----
Armour         | 1 |  1.5
Axes           | 2 |  2.1
Dodging        | 3 |  3.0
Throwing       | 2 |  2.0
Fighting       | |  2.7
Spellcasting   | |  2.3
Translocations | |  3.3

Action                   |  1- 3 |  4- 6 || total
-------------------------+-------+-------++-------
Melee: Hand axe          |    95 |    69 ||   164
       Punch             |     1 |     1 ||     2
 Stab: Sleeping          |    10 |     5 ||    15
Armor: Leather armour    |    20 |    18 ||    38
       Scale mail        |       |     2 ||     2
Dodge: Dodged            |    79 |    62 ||   141

Table legend: (Time is in decaauts)
 A = Elapsed time spent in this place.
 B = Non-inter-level travel time spent in this place.
 C = Inter-level travel time spent in this place.
 D = Time resting spent in this place.
 E = Time spent auto-exploring this place.
 F = Levels seen in this place.
 G = Mean time per level.
                   A        B        C        D        E       F      G
               +--------+--------+--------+--------+--------+-----+--------+
         Total |   4505 |   4373 |    132 |   2249 |   1736 |   3 | 1501.7 |
       Dungeon |   4505 |   4373 |    132 |   2249 |   1736 |   3 | 1501.7 |
               +--------+--------+--------+--------+--------+-----+--------+

Top non-repeatable levels by time:
     D:1: 2322 daAuts
     D:2: 2026 daAuts
     D:3: 156 daAuts
